Map: Frost LE

Players

CuTTsLaYeR - Winner!

  • Race: Zerg Zerg
  • League: Silver

Gracz

  • Race: Protoss Protoss
  • League: Bronze

VOD

Have the link to the VOD?

Description

Time

  • Played on: Sept. 16, 2016, 11:02 a.m.
  • Length: 19:00
Show
View Real Time Build Order
Export as new Build Order

CuTTsLaYeR Zerg - Winner!

Build Orders: Hatch First 

Get SALT Encoding   

  12  0:03  Drone  
  13  0:10  Drone  
  14  0:16  Overlord  
  14  0:24  Extractor  
  14  0:26  Drone  
  16  0:35  Drone  
  16  0:38  Drone  
  17  0:46  Drone  
  18  1:01  Drone, Hatchery  
  18  1:14  Drone  
  19  1:22  Extractor  
  19  1:25  Spawning Pool  
  17  1:31  Drone x2  
  19  1:39  Drone  
  20  2:01  Drone x2  
  22  2:12  Overlord  
  22  2:18  Drone  
  23  2:24  Drone x2  
  25  2:34  Extractor  
  24  2:37  Drone x2  
  26  2:48  Drone x2  
  28  2:57  Lair  
  28  2:59  Queen  
  30  3:16  Drone x5  
  35  3:20  Overlord  
  35  3:36  Queen, Baneling Nest  
  35  3:39  Drone x2  
  38  3:48  Drone x2  
  40  4:25  Evolution Chamber  
  40  4:27  Evolution Chamber  
  38  5:13  Roach Warren  
  37  5:15  Overlord x4  
  37  5:16  Overlord  
  37  5:29  Zerg Ground Armor Level 1, Zerg Missile Weapons Level 1  
  37  5:33  Extractor  
  37  5:34  Extractor  
  35  6:01  Roach x4  
  35  6:02  Roach x13  
  69  6:06  Hatchery  
  56  6:44  Roach  
  56  6:45  Roach x5  
  66  6:54  Queen  
  68  7:19  Overseer  
  68  7:22  Glial Reconstitution  
  68  7:29  Zerg Ground Armor Level 2, Zerg Missile Weapons Level 2  
  54  8:02  Roach  
  54  8:03  Roach x10  
  76  8:23  Drone x4  
  76  8:24  Drone x2  
  50  8:57  Spine Crawler  
  47  9:02  Roach  
  47  9:03  Roach x8  
  57  9:17  Roach  
  57  9:18  Roach x2  
  57  9:24  Spore Crawler  
  58  9:44  Spore Crawler  
  57  9:55  Hydralisk Den  
  56  10:16  Drone x3  
  56  10:17  Drone  
  60  10:36  Roach Warren  
  59  10:57  Hydralisk  
  59  10:58  Hydralisk x10  
  81  11:11  Overlord x2  
  57  11:54  Roach  
  57  11:55  Roach x14  
  83  12:45  Queen  
  85  13:11  Hydralisk x5, Infestation Pit  
  85  13:12  Hydralisk x2  
  98  13:19  Overlord x2  
  98  13:20  Overlord  
  98  13:57  Hydralisk x5  
  98  13:58  Hydralisk x7  
  98  16:18  Drone  
  98  16:19  Drone x3  
  102  16:42  Roach x2  
  102  16:43  Roach x7  
  120  16:48  Hatchery  
  119  17:46  Overlord x5  
  119  17:47  Overlord  
  119  17:48  Overlord x2  
  119  18:44  Overseer  
Show
View Real Time Build Order
Export as new Build Order

Gracz Protoss 

Build Orders:  

Get SALT Encoding   

  12  0:01  Probe (Chrono Boost)  
  13  0:18  Pylon  
  14  0:21  Probe (Chrono Boost)  
  14  0:32  Probe (Chrono Boost)  
  15  0:42  Probe (Chrono Boost), Gateway  
  16  0:53  Probe (Chrono Boost)  
  17  1:10  Probe (Chrono Boost)  
  18  1:17  Gateway  
  18  1:20  Probe (Chrono Boost)  
  19  1:33  Cybernetics Core  
  19  1:35  Assimilator  
  19  1:38  Probe (Chrono Boost)  
  20  1:40  Assimilator, Zealot  
  22  2:26  Pylon  
  22  2:34  Warp Gate  
  22  2:46  Nexus  
  22  2:50  Assimilator  
  22  2:52  Assimilator, Zealot x2  
  22  2:56  Pylon  
  26  3:12  Robotics Facility  
  26  3:21  Gateway  
  26  3:22  Gateway  
  26  3:30  Probe (Chrono Boost)  
  28  3:42  Probe (Chrono Boost)  
  28  3:53  Stalker  
  28  3:54  Probe (Chrono Boost)  
  31  3:56  Stalker  
  31  4:00  Probe (Chrono Boost)  
  34  4:06  Probe (Chrono Boost)  
  35  4:11  Probe (Chrono Boost)  
  35  4:12  Stalker  
  38  4:42  Immortal  
  42  4:47  Gateway  
  42  4:49  Gateway  
  42  5:04  Probe (Chrono Boost)  
  42  5:05  Probe (Chrono Boost)  
  44  5:13  Stargate  
  44  5:14  Stargate  
  44  5:17  Probe (Chrono Boost)  
  45  5:31  Stalker x2  
  49  5:41  Probe (Chrono Boost)  
  51  5:42  Probe (Chrono Boost)  
  51  5:54  Probe (Chrono Boost)  
  51  5:55  Probe (Chrono Boost)  
  53  5:57  Pylon  
  54  6:06  Probe (Chrono Boost)  
  54  6:17  Probe (Chrono Boost)  
  54  6:18  Probe (Chrono Boost)  
  56  6:29  Probe (Chrono Boost)  
  56  6:30  Probe (Chrono Boost)  
  47  6:41  Probe (Chrono Boost)  
  45  6:51  Pylon  
  45  6:52  Stalker  
  45  6:53  Stalker x2  
  45  6:54  Stalker x3  
  53  6:57  Void Ray  
  61  7:07  Probe (Chrono Boost)  
  61  7:08  Fleet Beacon  
  56  8:03  Stalker x4  
  56  8:04  Stalker x2  
  68  8:17  Pylon  
  68  8:34  Tempest x2  
  76  8:46  Stalker x2  
  76  8:47  Stalker x3  
  60  9:54  Nexus  
  60  10:00  Assimilator  
  60  10:03  Nexus  
  60  10:05  Assimilator  
  60  10:07  Assimilator  
  60  10:08  Pylon  
  60  10:09  Assimilator  
  60  10:10  Pylon  
  60  10:11  Pylon  
  60  10:13  Pylon  
  60  10:17  Pylon x2  
  60  10:19  Pylon  
  60  10:21  Stalker x2  
  62  10:22  Stalker  
  62  10:24  Pylon  
  62  10:28  Pylon  
  66  10:32  Pylon  
  66  10:37  Gateway  
  66  10:39  Gateway  
  66  10:42  Stalker x2  
  68  10:43  Stalker  
  68  10:45  Stalker  
  76  10:57  Probe x2 (Chrono Boost)  
  76  11:09  Probe x2 (Chrono Boost)  
  74  11:21  Probe x2 (Chrono Boost)  
  66  11:37  Stalker  
  66  11:38  Stalker x3  
  64  11:50  Stalker x2  
  58  12:03  Stalker  
  58  12:04  Stalker x2  
  50  12:25  Probe (Chrono Boost)  
  50  12:27  Probe (Chrono Boost)  
  53  12:30  Probe (Chrono Boost)  
  53  12:31  Probe (Chrono Boost)  
  53  12:35  Probe (Chrono Boost)  
  50  12:38  Probe (Chrono Boost)  
  50  12:39  Stargate  
  50  12:41  Stargate, Probe (Chrono Boost)  
  50  12:43  Stargate, Probe (Chrono Boost)  
  53  12:46  Probe (Chrono Boost)  
  53  12:48  Probe (Chrono Boost)  
  56  12:51  Probe (Chrono Boost)  
  56  12:52  Robotics Facility  
  56  12:54  Robotics Facility  
  56  12:55  Probe (Chrono Boost)  
  56  12:56  Robotics Facility, Probe (Chrono Boost)  
  58  12:59  Probe (Chrono Boost)  
  58  13:02  Probe (Chrono Boost)  
  61  13:07  Probe x2 (Chrono Boost)  
  61  13:09  Probe (Chrono Boost)  
  61  13:12  Probe (Chrono Boost)  
  64  13:18  Probe (Chrono Boost)  
  64  13:19  Probe (Chrono Boost)  
  66  13:30  Stalker x3  
  66  13:31  Stalker x2  
  66  13:32  Stalker  
  85  13:41  Immortal  
  78  13:55  Stalker  
  78  13:56  Stalker  
  78  13:57  Stalker x2  
  78  13:58  Tempest x3, Stalker  
  86  14:08  Stalker  
  74  14:23  Pylon  
  66  14:24  Stalker  
  66  14:25  Stalker x3  
  68  14:32  Stalker  
  68  14:39  Immortal  
  68  14:40  Stalker  
  26  15:45  Pylon  
  16  15:57  Nexus  
  12  16:05  Pylon  
  12  16:07  Gateway  
  12  16:09  Gateway  
  10  16:11  Stargate  
  10  16:55  Pylon  
  10  16:58  Pylon  
  10  17:29  Cybernetics Core  
  10  17:34  Gateway  
  10  17:42  Assimilator, Probe (Chrono Boost)  
  11  18:06  Pylon, Stalker  
  13  18:27  Stalker  
  15  18:42  Stalker  
  15  18:45  Probe (Chrono Boost)  
Tags
 
Add a new tag
Caveats
  • Supply blocks, unpowered buildings, or Contaminate may cause inaccurate times.
  • Supply counts are checked every 10 seconds.